 Dungeon Crawl Stone Soup version 0.27-a0-1140-g099f9bb0e8 (webtiles) character file.

Game seed: 11490667606828120073

91 Glokmah the Conjurer (level 4, -1/24 HPs)
             Began as a Deep Elf Conjurer on May 9, 2021.
             Slain by a scorpion (5 damage)
             ... on level 2 of the Dungeon.
             The game lasted 00:04:54 (1394 turns).

Glokmah the Conjurer (Deep Elf Conjurer)            Turns: 1394, Time: 00:04:55

Health: -1/24      AC:  5    Str:  4    XL:     4   Next: 33%
Magic:  5/12       EV: 11    Int: 24    God:
Gold:   13         SH:  0    Dex: 13    Spells: 5/11 levels left

rFire    . . .     SeeInvis .   i - +1 dagger (venom)
rCold    . . .     Faith    .   (no shield)
rNeg     . . .     Spirit   .   j - +0 leather armour
rPois    .         Reflect  .   l - +2 hat
rElec    .         Harm     .   (no cloak)
rCorr    .         Rampage  .   (no gloves)
Will     .....                  (no boots)
Stlth    ++........             (no amulet)
HPRegen  0.08/turn              (no ring)
MPRegen  0.13/turn              (no ring)

@: no status effects
A: no striking features
a: no special abilities


You were on level 2 of the Dungeon.
You visited 1 branch of the dungeon, and saw 2 of its levels.

You collected 13 gold pieces.

Inventory:

Hand Weapons
 d - a +0 spear
 i - a +1 dagger of venom (weapon)
Missiles
 b - 11 poisoned darts (quivered)
 f - 65 stones
 g - 4 boomerangs
 k - 4 atropa-tipped darts
Armour
 a - a +0 robe
 j - a +0 leather armour (worn)
 l - a +2 hat (worn)
Scrolls
 h - a scroll of identify {unknown}


   Skills:
 + Level 0.9 Fighting
 + Level 3.1 Dodging
 - Level 2.4 Stealth
 * Level 4.2 Spellcasting
 * Level 5.1 Conjurations
 * Level 1.5 Hexes


You had 5 spell levels left.
You knew the following spells:

 Your Spells              Type           Power      Damage    Failure   Level
a - Magic Dart            Conj           100%       1d8       2%          1
b - Searing Ray           Conj           58%        3d5       3%          2
c - Dazzling Flash        Conj/Hex       40%        N/A       13%         3

Your spell library contained the following spells:

 Spells                   Type           Power      Damage    Failure   Level
 Fulminant Prism          Conj/Hex       10%        3d9       41%         4
 Iskenderun's Mystic Bla  Conj/Tloc      17%        2d5       52%         4


Dungeon Overview and Level Annotations

Branches:
Dungeon (2/15)

Altars:


Message History

Aiming: Magic Dart (safe; 2% risk of failure)
Press: ? - help, Shift-Dir - straight line, f/p - adder
Aim: an adder (heavily wounded, 100% to hit)
The magic dart hits the adder!
You kill the adder!
Found a glowing hat.
You see here a +2 hat.
You start putting on your armour.
You continue putting on your +2 hat. x4
You finish putting on your +2 hat.
A frilled lizard and a scorpion come into view.
Casting: Magic Dart (safe; 2% risk of failure)
Confirm with . or Enter, or press ? or * to list all spells.
The spell is quite dangerous to cast (13% risk of failure)!
Continue anyway?
The scorpion stings you.
You are poisoned.
The scorpion poisons you!
You feel very sick.
Casting: Dazzling Flash (quite dangerous; 13% risk of failure)
Confirm with . or Enter, or press ? or * to list all spells.
The spell is quite dangerous to cast (13% risk of failure)!
Continue anyway?
You feel sick. The scorpion stings you.
The scorpion stings you but does no damage.
You feel sick.
Okay, then.
It was a potion of curing.
You feel better. The scorpion barely misses you. The scorpion stings you.
The scorpion misses you.
Casting: Dazzling Flash (quite dangerous; 13% risk of failure)
Confirm with . or Enter, or press ? or * to list all spells.
The spell is quite dangerous to cast (13% risk of failure)!
Continue anyway?
The scorpion stings you.
* * * LOW HITPOINT WARNING * * *
You are lethally poisoned!
The scorpion poisons you!
You feel better. The scorpion stings you!
* * * LOW HITPOINT WARNING * * *
This is a scroll of acquirement!
Something appears at your feet! The scorpion barely misses you.
The scorpion stings you.
You die...

####+##### #........# .##
########........# #... #.#
......##........# ....#+ #.#
......##........#...#... #.#
......##........#....... #.#
......+.....†........... #.#####
......##....)...##...... #.#....
.......†.......s@....######.#.###
..........####.####.........#<...
......###.# #.†###..#####..#.#..
####### #.# ##.#....# #.†#...#
#.# #...#.######..##### #.#
##..#...)..)....... #.#
#..#.#####...####. #.# ##.#.#
#.#..# #. #.# #.#.# #.##.# #)


You could see a scorpion.

Vanquished Creatures
  4 gnolls (D:2)
  2 adders (D:2)
  2 ball pythons
  6 bats
  3 endoplasms
  2 giant cockroaches (D:1)
  4 goblins
  2 jackals (D:2)
  2 kobolds (D:1)
  A quokka (D:2)
  2 frilled lizards (D:1)
  2 rats (D:1)
32 creatures vanquished.

Notes
Turn   | Place    | Note
-------+----------+-------------------------------------------
     0 | D:1      | Glokmah the Deep Elf Conjurer began the quest for the Orb.
     0 | D:1      | Reached XP level 1. HP: 10/10 MP: 6/6
   207 | D:1      | Reached XP level 2. HP: 13/15 MP: 4/8
   555 | D:1      | Learned a level 2 spell: Searing Ray
  1026 | D:2      | Reached XP level 3. HP: 20/20 MP: 1/10
  1111 | D:2      | Learned a level 3 spell: Dazzling Flash
  1141 | D:2      | Reached skill level 5 in Conjurations
  1141 | D:2      | Reached skill level 1 in Hexes
  1142 | D:2      | Reached XP level 4. HP: 24/24 MP: 2/12
  1364 | D:2      | Noticed a scorpion
  1394 | D:2      | Identified a scroll of acquirement
  1394 | D:2      | Acquired the amulet of Eprobreg {RegenMP Drain rC++ Regen+
                  | Dex+3}
  1394 | D:2      | Slain by a scorpion

Illustrated notes

Levels and vault maps discovered:
D:1:      scummos_arrival_simple_crosswalls, layout_loops_cross,
          item_on_display_a
D:2:      layout_basic

Skill      XL: |  1  2  3 |
---------------+----------+-----
Dodging        | 3 |  3.1
Spellcasting   | 4 |  4.2
Conjurations   | 5 |  5.1
Hexes          | 1 |  1.5
Fighting       | |  0.9
Stealth        | |  2.4

Action                   |  1- 3 |  4- 6 || total
-------------------------+-------+-------++-------
 Cast: Magic Dart        |    36 |     9 ||    45
       Searing Ray       |     5 |     1 ||     6
       Dazzling Flash    |       |     3 ||     3
  Use: Potion            |       |     2 ||     2
       Scroll            |       |     1 ||     1
Armor: Leather armour    |       |     2 ||     2
Dodge: Dodged            |     4 |     4 ||     8

Table legend: (Time is in decaauts)
 A = Elapsed time spent in this place.
 B = Non-inter-level travel time spent in this place.
 C = Inter-level travel time spent in this place.
 D = Time resting spent in this place.
 E = Time spent auto-exploring this place.
 F = Levels seen in this place.
 G = Mean time per level.
                   A        B        C        D        E       F      G
               +--------+--------+--------+--------+--------+-----+--------+
         Total |   1395 |   1311 |     84 |    142 |    804 |   2 |  697.5 |
       Dungeon |   1395 |   1311 |     84 |    142 |    804 |   2 |  697.5 |
               +--------+--------+--------+--------+--------+-----+--------+

Top non-repeatable levels by time:
     D:1: 954 daAuts
     D:2: 440 daAuts
